 Dungeon Crawl Stone Soup version 0.27.1 (webtiles) character file.

Game seed: 11670521934067475416

149 Ishikawa the Covered (level 5, -5/47 HPs)
             Began as a Minotaur Fighter on Aug 30, 2021.
             Slain by an ogre (27 damage)
             ... on level 3 of the Dungeon.
             The game lasted 00:04:28 (2370 turns).

Ishikawa the Covered (Minotaur Fighter)             Turns: 2370, Time: 00:04:29

Health: -5/47      AC:  7    Str: 21    XL:     5   Next: 9%
Magic:  5/5        EV:  8    Int:  5    God:
Gold:   68         SH: 14    Dex: 10    Spells: 5/5 levels left

rFire    . . .     SeeInvis .   a - +0 long sword
rCold    . . .     Faith    .   c - +0 kite shield
rNeg     . . .     Spirit   .   b - +0 scale mail
rPois    .         Reflect  +   (helmet restricted)
rElec    .         Harm     .   (no cloak)
rCorr    .         Rampage  .   (no gloves)
Will     .....                  (no boots)
Stlth    ..........             l - amulet of reflection
HPRegen  0.15/turn              (no ring)
MPRegen  0.09/turn              (no ring)

@: no status effects
A: horns 2, retaliatory headbutt
a: no special abilities


You were on level 3 of the Dungeon.
You visited 1 branch of the dungeon, and saw 3 of its levels.

You collected 68 gold pieces.

Inventory:

Hand Weapons
 a - a +0 long sword (weapon)
Armour
 b - a +0 scale mail (worn)
 c - a +0 kite shield (worn)
Jewellery
 l - an amulet of reflection (around neck)
Scrolls
 d - a scroll of noise {unknown}
 e - a scroll of fog {unknown}
 f - a scroll of identify {unknown}
 h - a scroll of magic mapping {unknown}
 j - a scroll of fear {unknown}
 k - a scroll of amnesia {unknown}
Potions
 g - 2 potions of flight {unknown}
 i - a potion of brilliance {unknown}


   Skills:
 * Level 4.3 Fighting
 * Level 3.6 Long Blades
 * Level 4.5 Armour
 * Level 1.1 Dodging
 * Level 0.8 Stealth
 * Level 4.3 Shields
 * Level 0.8 Spellcasting


You had 5 spell levels left.
You didn't know any spells.
Your spell library contained the following spells:

 Spells                   Type           Power      Damage    Failure   Level
 Stone Arrow              Conj/Erth      0%         3d7       100%        3
 Animate Armour           Summ/Erth      0%         N/A       100%        4
 Animate Dead             Necr           0%         N/A       100%        4
 Borgnjor's Vile Clutch   Necr/Erth      0%         N/A       100%        5
 Death Channel            Necr           0%         N/A       100%        6
 Lehudib's Crystal Spear  Conj/Erth      0%         10d2      100%        8


Dungeon Overview and Level Annotations

Branches:
Dungeon (3/15)

Altars:
Ashenzari


Innate Abilities, Weirdness & Mutations

You have a pair of horns on your head.
You reflexively headbutt those who attack you in melee.


Message History

Things that are here:
a +0 dagger; 2 stones; a kobold skeleton
There is a stone staircase leading down here.
A ball python comes into view.
The ball python hisses angrily.
The ball python barely misses you. You block the ball python's attack.
You hit the ball python.
You kill the ball python!
Found a runed battleaxe.
You see here a +0 battleaxe of electrocution.
d - a +0 battleaxe of electrocution You see here a +0 flail.
Done exploring.
Done exploring.
Drop what? 12/52 slots (_ for help) (? for menu, Esc to quit)
You drop a +0 battleaxe of electrocution.
Done exploring.
(D) Dungeon
Where to? (Enter - D:2, ? - help)
There is a stone staircase leading down here.
You climb downwards.
Found a scroll labelled MURI GESEO.
There is a stone staircase leading up here.
A rat is nearby!
Found a broken altar of Ashenzari.
You completely miss the rat. You headbutt the rat.
You kill the rat!
d - a scroll labelled MURI GESEO An ogre comes into view.
It is wielding a +0 giant club.
The ogre shouts!
You barely miss the ogre. The ogre hits you with a +0 giant club!
You hit the ogre. Your headbutt misses the ogre.
The ogre is lightly wounded.
The ogre hits you with a +0 giant club!
Your scale mail prevents you from hitting the ogre.
You headbutt the ogre, but do no damage.
The ogre is lightly wounded.
The ogre hits you with a +0 giant club!!
Ouch! That really hurt!
You die...

### ##... ##
.... ...
#... ..#.
..####.....
#.#.O.....#
# ###.#@#
###.##.._..#
.......#.###
.........#
###.###.##
.. ..#.#
#.#.#.#
#.#...#.##
#........#


You could see an ogre.

Vanquished Creatures
  Natasha (thrice) (D:2)
  2 adders (D:2)
  A worm (D:2)
  A dart slug (D:1)
  7 ball pythons
  4 endoplasms (D:1)
  3 goblins (D:1)
  7 hobgoblins (D:1)
  7 jackals
  4 bats
  2 frilled lizards
  4 kobolds
  3 rats
48 creatures vanquished.

Notes
Turn   | Place    | Note
-------+----------+-------------------------------------------
     0 | D:1      | Ishikawa the Minotaur Fighter began the quest for the Orb.
     0 | D:1      | Reached XP level 1. HP: 19/19 MP: 0/0
    74 | D:1      | Reached XP level 2. HP: 26/27 MP: 1/1
   617 | D:1      | Found a faded altar of an unknown god.
   662 | D:1      | Reached XP level 3. HP: 33/33 MP: 2/2
  1170 | D:2      | Noticed Natasha
  1178 | D:2      | Killed Natasha
  1385 | D:2      | Noticed Natasha
  1396 | D:2      | Killed Natasha
  1397 | D:2      | Reached XP level 4. HP: 22/40 MP: 3/3
  1409 | D:2      | Noticed Natasha
  1430 | D:2      | Killed Natasha
  1431 | D:2      | Reached skill level 1 in Dodging
  1851 | D:2      | Reached XP level 5. HP: 24/46 MP: 5/5
  2355 | D:3      | Found a broken altar of Ashenzari.
  2364 | D:3      | Noticed an ogre
  2370 | D:3      | Slain by an ogre

Illustrated notes

Levels and vault maps discovered:
D:1:      psy_arrival_dodecagon, layout_basic,
          ebering_ecumenical_altar_sacrificial, serial_forest,
          infiniplex_forest_lined_2, infiniplex_forest_clump_tiny,
          infiniplex_forest_3_way, infiniplex_forest_lined_3,
          infiniplex_forest_clump_long, minmay_distorted
D:2:      layout_loops_cross, uniq_natasha
D:3:      layout_loops_corners, marbit_many_paths, ashenzari_altar_1,
          uniq_sigmund

Skill      XL: |  1  2  3  4 |
---------------+-------------+-----
Fighting       | 4 |  4.3
Shields        | 4 |  4.3
Armour         | 4 |  4.5
Long Blades    | 3 |  3.6
Dodging        | 1 |  1.1
Stealth        | |  0.8
Spellcasting   | |  0.8

Action                   |  1- 3 |  4- 6 || total
-------------------------+-------+-------++-------
Melee: Long sword        |    76 |    48 ||   124
       Headbutt          |     9 |     9 ||    18
  Use: Potion            |       |     1 ||     1
Armor: Scale mail        |    31 |    12 ||    43
Dodge: Dodged            |    19 |     8 ||    27
Block: Kite shield       |    33 |    37 ||    70
       Rpst.: Long sword |    10 |     2 ||    12
